 Dungeon Crawl Stone Soup version 0.28-a0-21-gf74fda8 (webtiles) character file.

Game seed: 4968150984393261723

549 Illumine the Chopper (level 7, -1/61 HPs)
             Began as a Minotaur Fighter on July 26, 2021.
             Succumbed to a scorpion's poison
             ... on level 4 of the Dungeon.
             The game lasted 00:03:02 (3645 turns).

Illumine the Chopper (Minotaur Fighter)             Turns: 3645, Time: 00:03:02

Health: -1/61      AC:  8    Str: 22    XL:     7   Next: 7%
Magic:  6/6        EV:  8    Int:  5    God:
Gold:   116        SH: 10    Dex: 10    Spells: 6/6 levels left

rFire   . . .      SeeInvis .   a - +0 war axe
rCold   . . .      Faith    .   c - +0 kite shield
rNeg    . . .      Spirit   .   b - +0 scale mail
rPois   .          Reflect  .   (helmet restricted)
rElec   .          Harm     .   (no cloak)
rCorr   .          Rampage  .   p - +0 pair of gloves
Will    .....                   (no boots)
Stlth   ..........              (no amulet)
HPRegen 0.20/turn               (no ring)
MPRegen 0.10/turn               (no ring)

@: mighty, lethally poisoned (-1 -> -13)
A: horns 2, retaliatory headbutt
a: no special abilities


You were on level 4 of the Dungeon.
You visited 1 branch of the dungeon, and saw 4 of its levels.

You collected 116 gold pieces.

Inventory:

Hand Weapons
 a - a +0 war axe (weapon)
Armour
 b - a +0 scale mail (worn)
 c - a +0 kite shield (worn)
 p - a +0 pair of gloves (worn)
Jewellery
 g - an amulet of magic regeneration
 h - an amulet of the acrobat
Wands
 o - a wand of iceblast (10)
Scrolls
 f - 6 scrolls of identify {unknown}
 j - a scroll of noise {unknown}
 k - a scroll of fog {unknown}
 m - 2 scrolls of teleportation {unknown}
 n - a scroll of holy word {unknown}
Potions
 d - 2 potions of might
 e - a potion of magic {unknown}
 i - 2 potions of curing {unknown}
 l - a potion of degeneration {unknown}
 q - a potion of invisibility {unknown}


   Skills:
 + Level 5.3 Fighting
 * Level 6.1 Axes
 + Level 5.4 Armour
 + Level 1.4 Dodging
 - Level 5.1 Shields


You had 6 spell levels left.
You didn't know any spells.
Your spell library contained the following spells:

 Spells                   Type           Power      Damage    Failure   Level
 Magic Dart               Conj           0%         1d3       99%         1
 Call Imp                 Summ           0%         N/A       100%        2
 Ignite Poison            Fire/Tmut/Pois 0%         N/A       100%        3
 Mephitic Cloud           Conj/Pois/Air  0%         N/A       100%        3
 Bolt of Magma            Conj/Fire/Erth 0%         4d4       100%        5


Dungeon Overview and Level Annotations

Branches:
Dungeon (4/15)
 Temple: D:4-7

Altars:

Shops:
D:3 *

Annotations:
D:4 Ijyb


Innate Abilities, Weirdness & Mutations

You have a pair of horns on your head.
You reflexively headbutt those who attack you in melee.


Message History

Your Axes skill increases to level 6!
Your Dodging skill increases to level 1!
You have reached level 7!
You barely miss the scorpion.
You headbutt the scorpion, but do no damage.
The scorpion is lightly wounded.
You block the scorpion's attack. The scorpion closely misses you.
You furiously retaliate!
You headbutt the scorpion, but do no damage.
You hit the scorpion but do no damage. Your headbutt misses the scorpion.
You block the scorpion's attack.
You closely miss the scorpion.
The scorpion stings you but does no damage.
The scorpion stings you.
You hit the scorpion but do no damage. You headbutt the scorpion.
The scorpion is moderately wounded.
The scorpion stings you.
* * * LOW HITPOINT WARNING * * *
The scorpion stings you.
* * * LOW HITPOINT WARNING * * *
You are poisoned.
The scorpion poisons you!
Okay, then.
You feel very mighty all of a sudden.
You feel sick. The scorpion stings you.
* * * LOW HITPOINT WARNING * * *
An orc comes into view. It is wielding a +0 club.
You barely miss the scorpion. You headbutt the scorpion!
The scorpion is almost dead.
* * * LOW HITPOINT WARNING * * *
You feel very sick. The scorpion stings you.
* * * LOW HITPOINT WARNING * * *
You are more poisoned.
The scorpion poisons you! You block the scorpion's attack.
Unknown command.
Unknown command.
You hit the scorpion but do no damage. You headbutt the scorpion.
You kill the scorpion!
You die...

#..#.. .#..### ##
#J#.. ....... ###.
#. ###....#...g...
... #.
..g.......... ..#
#. #......#####
..# #.
##..<...Z... ..#
#. #h.......####
..####...
#.####)#....#.#
..†...#
#....@)...... $#
..###.#.#
#........>?... ..
...##.#.#
#........###### ##
##.##.#.#
##........###
#.##.#.#
#......[..o..
#.##.#.#
###......####
#.##.#.# #......##
#.##.#.####......#
#.##.............#


You could see a hound and an orc.

Vanquished Creatures
  Eustachio (D:4)
  2 black bears
  A scorpion (D:4)
  A howler monkey (D:4)
  A jelly (D:4)
  A hound (D:4)
  A bullfrog skeleton (D:4)
  A hound skeleton (D:4)
  2 adders (D:2)
  An adder skeleton (D:4)
  3 worms (D:2)
  A dart slug (D:4)
  9 orcs
  6 endoplasms
  A giant cockroach (D:1)
  9 goblins
  5 hobgoblins
  A quokka (D:4)
  3 ball pythons (D:1)
  4 bats (D:2)
  4 frilled lizards
  2 kobolds
  5 rats
65 creatures vanquished.

Notes
Turn   | Place    | Note
-------+----------+-------------------------------------------
     0 | D:1      | Illumine the Minotaur Fighter began the quest for the Orb.
     0 | D:1      | Reached XP level 1. HP: 19/19 MP: 0/0
   440 | D:1      | Reached XP level 2. HP: 15/27 MP: 1/1
   774 | D:1      | Reached skill level 3 in Axes
  1295 | D:2      | Reached XP level 3. HP: 24/33 MP: 2/2
  1385 | D:2      | Noticed a black bear
  1394 | D:2      | Killed a black bear
  1395 | D:2      | Reached skill level 4 in Axes
  1395 | D:2      | Reached XP level 4. HP: 10/41 MP: 3/3
  1844 | D:2      | Reached XP level 5. HP: 47/47 MP: 4/4
  2024 | D:2      | Found a faded altar of an unknown god.
  2458 | D:3      | Found Mimin's General Store.
  3174 | D:4      | Noticed Ijyb
  3385 | D:4      | Reached skill level 5 in Axes
  3385 | D:4      | Noticed a black bear
  3396 | D:4      | Killed a black bear
  3397 | D:4      | Reached skill level 5 in Armour
  3397 | D:4      | Reached skill level 5 in Shields
  3397 | D:4      | Reached XP level 6. HP: 32/55 MP: 5/5
  3408 | D:4      | Reached skill level 5 in Fighting
  3609 | D:4      | Noticed Eustachio
  3638 | D:4      | Killed Eustachio
  3639 | D:4      | Reached skill level 6 in Axes
  3639 | D:4      | Reached skill level 1 in Dodging
  3639 | D:4      | Reached XP level 7. HP: 23/61 MP: 6/6
  3644 | D:4      | HP: 3/61 [scorpion (2)]
  3645 | D:4      | Succumbed to a scorpion's poison

Illustrated notes

Levels and vault maps discovered:
D:1:      nicolae_arrival_washed_ashore, layout_loops_cross
D:2:      layout_loops_ring, shapermc_ecumenical_altar_ellora
D:3:      layout_basic, serial_shops, shop, minivault_19
D:4:      layout_basic, uniq_ijyb, uniq_eustachio

Skill      XL: |  1  2  3  4  5  6 |
---------------+-------------------+-----
Axes           | 3 4 5 6 |  6.1
Fighting       | 4 5 |  5.3
Armour         | 4 5 |  5.4
Shields        | 4 5 |  5.1
Dodging        | 1 |  1.4

Action                   |  1- 3 |  4- 6 |  7- 9 || total
-------------------------+-------+-------+-------++-------
Melee: War axe           |    63 |    91 |     6 ||   160
       Headbutt          |     7 |    18 |     4 ||    29
  Use: Potion            |       |       |     1 ||     1
Armor: Scale mail        |    29 |    46 |     1 ||    76
Dodge: Dodged            |    15 |    27 |     1 ||    43
Block: Kite shield       |    35 |    59 |     3 ||    97

Table legend: (Time is in decaauts)
 A = Elapsed time spent in this place.
 B = Non-inter-level travel time spent in this place.
 C = Inter-level travel time spent in this place.
 D = Time resting spent in this place.
 E = Time spent auto-exploring this place.
 F = Levels seen in this place.
 G = Mean time per level.
                   A        B        C        D        E       F      G
               +--------+--------+--------+--------+--------+-----+--------+
         Total |   3726 |   3619 |    107 |    526 |   2660 |   4 |  931.5 |
       Dungeon |   3726 |   3619 |    107 |    526 |   2660 |   4 |  931.5 |
               +--------+--------+--------+--------+--------+-----+--------+

Top non-repeatable levels by time:
     D:2: 1217 daAuts
     D:3: 1045 daAuts
     D:1: 991 daAuts
     D:4: 471 daAuts
